 Dungeon Crawl Stone Soup version 0.29.0-4-gdea44cf6ec (webtiles) character file.

Game seed: 12881817383640393647

1869 qw the Cleaver (level 9, 0/54 HPs)
             Began as a Tengu Warper on Aug 28, 2022.
             Slain by a black bear (6 damage)
             ... on level 7 of the Dungeon.
             The game lasted 00:00:43 (7509 turns).

qw the Cleaver (Tengu Warper)                       Turns: 7509, Time: 00:00:44

Health: 0/54       AC: 17    Str: 16    XL:     9   Next: 13%
Magic:  13/13      EV:  9    Int: 13    God:
Gold:   1305       SH:  0    Dex: 14    Spells: 12/12 levels left

rFire   x x .      SeeInvis +   Y - +1 war axe
rCold   x x .      Faith    .   (no shield)
rNeg    . . .      Spirit   .   e - +0 chain mail
rPois   +          Reflect  .   (helmet restricted)
rElec   .          Harm     .   (no cloak)
rCorr   .          Rampage  .   (no gloves)
Will    .....      Rnd*Tele +   (boots unavailable)
Stlth   ..........              f - amulet of Elemental Vulnerability {rPois rF-- rC-- AC+8}
HPRegen 0.18/turn               d - ring of see invisible
MPRegen 0.13/turn               (no ring)

@: flying quickly and evasively, quick
A: beak, talons 3, nimble flight, teleportitis 1
a: no special abilities


You were on level 7 of the Dungeon.
You visited 2 branches of the dungeon, and saw 8 of its levels.

You collected 1305 gold pieces.


Innate Abilities, Weirdness & Mutations

You have a beak for a mouth.
You have claws for feet.
Your magical nature lets you fly swiftly and evasively.
You are occasionally teleported next to monsters.


   Skills:
 - Level 5.0 Fighting
 - Level 11.1 Axes
 - Level 1.0 Throwing
 + Level 3.0 Armour
 - Level 3.2 Dodging
 - Level 2.0 Spellcasting
 - Level 2.4 Translocations


You had 12 spell levels left.
You didn't know any spells.
Your spell library contained the following spells:

 Spells                   Type           Power      Damage    Failure   Level
 Blink                    Tloc           14%        N/A       94%         2
 Gell's Gravitas          Tloc           7%         N/A       99%         3
 Lesser Beckoning         Tloc           7%         N/A       99%         3
 Teleport Other           Tloc           7%         N/A       99%         3
 Manifold Assault         Tloc           7%         N/A       100%        5

Inventory:

Hand Weapons
 c - a +0 flail
 Y - a +1 war axe (weapon)
Armour
 e - a +0 chain mail (worn)
Jewellery
 d - a ring of see invisible (left hand)
 f - the amulet of Elemental Vulnerability (around neck) {rPois rF-- rC-- AC+8}
   (You found it on level 3 of the Dungeon)

   [amulet of nothing]

   AC:        It affects your AC (+8).
   rF:        It makes you very vulnerable to fire.
   rC:        It makes you very vulnerable to cold.
   rPois:     It protects you from poison.
 j - an amulet of guardian spirit
Scrolls
 a - 2 scrolls of enchant armour
 h - 3 scrolls of identify
Potions
 g - a potion of haste
 i - a potion of cancellation
 m - a potion of curing

Dungeon Overview and Level Annotations

Branches:
Dungeon (7/15)             Temple (1/1) D:4

Altars:
Ashenzari
Cheibriados
Dithmenos
Elyvilon
Fedhas
Hepliaklqana
Kikubaaqudgha
Makhleb
Nemelex Xobeh
Okawaru
Qazlal
Ru
Sif Muna
Trog
Uskayaw
Wu Jian
Xom
Yredelemnul
The Shining One

Annotations:
D:5 3 runed translucent doors, qw's ghost, novice TeWr


Message History

The black bear is almost dead.
The black bear goes berserk!
The wight completely misses you.
You hit the black bear. Your peck misses the black bear.
You punch the black bear.
You kill the black bear!
The wight closely misses you.
Your life force feels restored.
Your Axes skill increases to level 11!
You slash the iguana! You claw the iguana.
You peck the iguana, but do no damage.
The iguana is almost dead.
Your surroundings suddenly seem different.
A black bear comes into view.
Found a scroll of fear.
Enter note: You hit the black bear but do no damage.
Your kick misses the black bear. You punch the black bear.
The black bear is lightly wounded.
The black bear bites you but does no damage.
The black bear claws you.
The black bear claws you but does no damage.
You hit the black bear. You claw the black bear.
The black bear is heavily wounded.
The black bear barely misses you.
The black bear claws you but does no damage. x2
You hit the black bear.
You claw the black bear, but do no damage.
You peck the black bear, but do no damage.
The black bear is heavily wounded.
You closely miss the black bear.
You claw the black bear, but do no damage.
You peck the black bear.
The black bear is severely wounded.
The black bear goes berserk!
You hit the black bear. You peck the black bear.
The black bear is almost dead.
The black bear bites you but does no damage.
The black bear claws you but does no damage.
The black bear claws you.
You die...

......> .#.###. #.. ##
#..###########
#......?......# #
...............#
######.#..............#
......................#
#.....................#
...............h@.....#
######................#
....############ ..


You could see a black bear (berserk).

Vanquished Creatures
  2 sky beasts
  A water moccasin (D:5)
  A black bear (D:7)
  An ogre (D:5)
  A centaur (D:7)
  2 phantoms (D:6)
  A bullfrog (D:7)
  3 scorpions
  A howler monkey (D:6)
  5 hounds
  A gnoll bouda (D:6)
  2 orc priests
  5 orc wizards
  8 iguanas
  15 gnolls
  9 adders
  2 shadow imps (D:6)
  3 white imps
  A worm (D:3)
  5 dart slugs
  12 orcs
  3 endoplasms
  5 goblins
  8 hobgoblins
  8 jackals
  4 kobolds
  3 quokkas (D:1)
  6 ball pythons
  7 bats
  4 frilled lizards
  6 rats
135 creatures vanquished.

Vanquished Creatures (others)
  A plant (D:4)
1 creature vanquished.

Grand Total: 136 creatures vanquished

Notes
Turn   | Place    | Note
-------+----------+-------------------------------------------
     0 | D:1      | qw the Tengu Warper began the quest for the Orb.
     0 | D:1      | Reached XP level 1. HP: 12/12 MP: 4/4
     0 | D:1      | 0 ||| qw: Version: 0.1-a-89-g26bdef1
     0 | D:1      | 0 ||| qw: Game counter: 2102
     0 | D:1      | 0 ||| qw: Always use a shield: true
     0 | D:1      | 0 ||| qw: God list: Okawaru
     0 | D:1      | 0 ||| qw: Allow faded altars: false
     0 | D:1      | 0 ||| qw: Do Orc after D:15 true
     0 | D:1      | 0 ||| qw: Do second Lair branch before Depths: true
     0 | D:1      | 0 ||| qw: Lair rune preference: random
     0 | D:1      | 0 ||| qw: Plans: Normal
     0 | D:1      | 0 ||| PLANNING D:1-11
    52 | D:1      | 52 ||| Stepping ~*~*~tactically~*~*~ (stealth).
    59 | D:1      | HP: 2/12 [goblin/+0 club (4)]
    63 | D:1      | Reached XP level 2. HP: 3/17 MP: 6/6
    66 | D:1      | Reached skill level 3 in Axes
    69 | D:1      | HP: 3/17 [bat (1)]
   398 | D:1      | 398 ||| Stepping ~*~*~tactically~*~*~ (hiding).
   520 | D:1      | Found a faded altar of an unknown god.
   834 | D:1      | 834 ||| Stepping ~*~*~tactically~*~*~ (stealth).
   842 | D:1      | 842 ||| SWAPPING to +0 war axe.
   846 | D:1      | 846 ||| DROPPING +0 hand axe.
   859 | D:1      | 859 ||| Stepping ~*~*~tactically~*~*~ (stealth).
   860 | D:1      | 860 ||| Stepping ~*~*~tactically~*~*~ (stealth).
   862 | D:1      | 862 ||| Stepping ~*~*~tactically~*~*~ (stealth).
   916 | D:1      | Reached XP level 3. HP: 17/21 MP: 7/7
  1083 | D:1      | Reached skill level 4 in Axes
  1100 | D:1      | 1100 ||| DROPPING +0 club.
  1172 | D:1      | 1172 ||| READING scroll labelled NOASOH CUTA.
  1173 | D:1      | 1173 ||| READING 2 scrolls labelled KISIOCS UHOMUREPN.
  1174 | D:1      | 1174 ||| READING 3 scrolls labelled ATAFUCS QYEXE.
  1175 | D:1      | 1175 ||| READING scroll labelled KUNUPP DIATELIXEOL.
  1276 | D:1      | 1276 ||| READING 2 scrolls of identify.
  1276 | D:1      | 1276 ||| IDENTIFYING viscous coppery potion
  1277 | D:1      | 1277 ||| DROPPING potion of attraction.
  1278 | D:1      | 1278 ||| DROPPING scroll of blinking.
  1279 | D:1      | 1279 ||| DROPPING scroll of poison.
  1398 | D:2      | 1398 ||| Stepping ~*~*~tactically~*~*~ (hiding).
  1747 | D:2      | 1747 ||| UPGRADING to +0 ring mail.
  1757 | D:2      | 1757 ||| DROPPING +0 leather armour.
  1758 | D:2      | 1758 ||| UPGRADING to ring of see invisible.
  1759 | D:2      | 1759 ||| READING scroll labelled ABUTZU JIOKK.
  1760 | D:2      | 1760 ||| READING scroll labelled CEK ODUKIURA.
  1862 | D:3      | 1862 ||| Stepping ~*~*~tactically~*~*~ (stealth).
  1995 | D:3      | 1995 ||| Stepping ~*~*~tactically~*~*~ (hiding).
  2059 | D:3      | Noticed a sky beast
  2060 | D:3      | 2060 ||| Stepping ~*~*~tactically~*~*~ (stealth).
  2070 | D:3      | 2070 ||| Stepping ~*~*~tactically~*~*~ (stealth).
  2081 | D:3      | HP: 4/21 [sky beast (6)]
  2084 | D:3      | Killed a sky beast
  2085 | D:3      | Reached skill level 5 in Axes
  2085 | D:3      | Reached XP level 4. HP: 5/26 MP: 8/8
  2085 | D:3      | Gained mutation: Your magical nature lets you fly swiftly
                  | and evasively. [Tengu growth]
  2085 | D:3      | Reached XP level 5. HP: 6/30 MP: 9/9
  2354 | D:3      | Found the amulet of Elemental Vulnerability {rPois rF--
                  | rC-- AC+8}
  2569 | D:3      | Reached skill level 6 in Axes
  2933 | D:3      | 2933 ||| UPGRADING to +0 chain mail.
  2943 | D:3      | 2943 ||| DROPPING +0 ring mail.
  2944 | D:3      | 2944 ||| UPGRADING to amulet of Elemental Vulnerability
                  | {rPois rF-- rC-- AC+8}.
  2949 | D:3      | 2949 ||| READING scroll labelled KICECV XUYCO.
  2950 | D:3      | 2950 ||| READING scroll labelled OPRACR ILUXT.
  2951 | D:3      | 2951 ||| DRINKING 5 metallic black potions.
  3052 | D:3      | 3052 ||| DRINKING 2 fuming blue potions.
  3052 | D:3      | Gained mutation: You occasionally lose the ability to drink
                  | potions when taking damage. [potion of mutation]
  3052 | D:3      | Gained mutation: Armour fits poorly on your strangely
                  | shaped body. [potion of mutation]
  3052 | D:3      | Gained mutation: You expend magic power (3 MP) to
                  | strengthen your wands. [potion of mutation]
  3053 | D:3      | 3053 ||| DRINKING potion of mutation.
  3053 | D:3      | Lost mutation: Armour fits poorly on your strangely shaped
                  | body. [potion of mutation]
  3053 | D:3      | Lost mutation: You expend magic power (3 MP) to strengthen
                  | your wands. [potion of mutation]
  3053 | D:3      | Lost mutation: You occasionally lose the ability to drink
                  | potions when taking damage. [potion of mutation]
  3053 | D:3      | Gained mutation: You are occasionally teleported next to
                  | monsters. [potion of mutation]
  3054 | D:3      | 3054 ||| DRINKING 2 murky emerald potions.
  3075 | D:3      | 3075 ||| DROPPING 4 potions of ambrosia.
  3076 | D:3      | 3076 ||| DROPPING potion of lignification.
  3306 | D:4      | 3306 ||| Stepping ~*~*~tactically~*~*~ (stealth).
  3326 | D:4      | Found a staircase to the Ecumenical Temple.
  3327 | D:4      | 3327 ||| PLANNING TEMPLE
  3340 | D:4      | Reached skill level 3 in Armour
  3340 | D:4      | Reached XP level 6. HP: 17/35 MP: 10/10
  3551 | Temple   | Entered the Ecumenical Temple
  3698 | Temple   | 3698 ||| PLANNING D:1-11
  3782 | D:4      | 3782 ||| Stepping ~*~*~tactically~*~*~ (stealth).
  3784 | D:4      | 3784 ||| Stepping ~*~*~tactically~*~*~ (hiding).
  3943 | D:4      | 3943 ||| DROPPING +0 mace.
  4415 | D:4      | 4415 ||| READING scroll labelled CUVU XIBOA.
  4418 | D:4      | 4418 ||| READING scroll labelled VEDOMO SAISOCK.
  4419 | D:4      | 4419 ||| READING 2 scrolls of identify.
  4419 | D:4      | 4419 ||| IDENTIFYING blue potion
  4420 | D:4      | 4420 ||| DROPPING potion of brilliance.
  4469 | D:5      | Entered Level 5 of the Dungeon
  4469 | D:5      | Noticed a water moccasin
  4473 | D:5      | Killed a water moccasin
  4474 | D:5      | Reached skill level 7 in Axes
  4474 | D:5      | 4474 ||| STAIRDANCE
  4631 | D:5      | 4631 ||| Stepping ~*~*~tactically~*~*~ (stealth).
  4632 | D:5      | 4632 ||| Stepping ~*~*~tactically~*~*~ (stealth).
  4636 | D:5      | 4636 ||| Stepping ~*~*~tactically~*~*~ (stealth).
  4648 | D:5      | Reached XP level 7. HP: 40/40 MP: 11/11
  4659 | D:5      | 4659 ||| Stepping ~*~*~tactically~*~*~ (stealth).
  4796 | D:5      | 4796 ||| Stepping ~*~*~tactically~*~*~ (hiding).
  4806 | D:5      | Reached skill level 3 in Fighting
  4843 | D:5      | Found a runed translucent gate.
  4843 | D:5      | Found a runed translucent gate.
  4843 | D:5      | Found a runed translucent gate.
  4856 | D:5      | Noticed qw's ghost (novice TeWr)
  4861 | D:5      | 4861 ||| Stepping ~*~*~tactically~*~*~ (hiding).
  4863 | D:5      | 4863 ||| Stepping ~*~*~tactically~*~*~ (hiding).
  5078 | D:5      | 5078 ||| Stepping ~*~*~tactically~*~*~ (stealth).
  5120 | D:5      | 5120 ||| Stepping ~*~*~tactically~*~*~ (hiding).
  5131 | D:5      | Reached skill level 8 in Axes
  5915 | D:5      | 5915 ||| DRINKING 2 sedimented blue potions.
  5962 | D:6      | Found a snail-covered altar of Cheibriados.
  5981 | D:6      | Reached skill level 9 in Axes
  5981 | D:6      | Reached XP level 8. HP: 46/46 MP: 12/12
  6228 | D:6      | 6228 ||| FLEEEEING.
  6330 | D:6      | Reached skill level 10 in Axes
  6466 | D:6      | Found a burning altar of Makhleb.
  6686 | D:6      | 6686 ||| Stepping ~*~*~tactically~*~*~ (hiding).
  6738 | D:6      | 6738 ||| FLEEEEING.
  6739 | D:6      | 6739 ||| FLEEEEING.
  6932 | D:6      | 6932 ||| Stepping ~*~*~tactically~*~*~ (stealth).
  6934 | D:6      | 6934 ||| Stepping ~*~*~tactically~*~*~ (hiding).
  7050 | D:6      | 7050 ||| Stepping ~*~*~tactically~*~*~ (hiding).
  7294 | D:6      | Found an iron altar of Okawaru.
  7350 | D:6      | 7350 ||| READING scroll labelled PUASTE ONGUPT.
  7350 | D:6      | Identified a scroll of acquirement
  7350 | D:6      | 7350 ||| ACQUIRING 982 gold pieces
  7350 | D:6      | Acquired 982 gold pieces
  7352 | D:6      | 7352 ||| DRINKING 2 bubbling ruby potions.
  7353 | D:6      | 7353 ||| DRINKING 2 fizzy brown potions.
  7354 | D:6      | 7354 ||| READING 5 scrolls of identify.
  7354 | D:6      | 7354 ||| IDENTIFYING bubbling sapphire potion
  7355 | D:6      | 7355 ||| READING 4 scrolls of identify.
  7355 | D:6      | 7355 ||| IDENTIFYING fizzy purple potion
  7356 | D:6      | 7356 ||| DROPPING potion of magic.
  7357 | D:6      | 7357 ||| DROPPING potion of invisibility.
  7428 | D:6      | 7428 ||| READING 2 scrolls of teleportation.
  7429 | D:6      | 7429 ||| STAIRDANCE
  7480 | D:7      | 7480 ||| Stepping ~*~*~tactically~*~*~ (hiding).
  7481 | D:7      | 7481 ||| Stepping ~*~*~tactically~*~*~ (hiding).
  7485 | D:7      | Reached XP level 9. HP: 37/54 MP: 13/13
  7492 | D:7      | Reached skill level 3 in Dodging
  7496 | D:7      | HP: 10/52 [iguana (10)]
  7497 | D:7      | 7497 ||| READING scroll of teleportation.
  7502 | D:7      | Reached skill level 11 in Axes
  7505 | D:7      | HP: 6/54 [black bear (3)]
  7509 | D:7      | Slain by a black bear

Levels and vault maps discovered:
D:1:      sevenhm_arrival_forest_fort_large_3, layout_rooms,
          ebering_ecumenical_altar_sacrificial, minivault_24,
          hangedman_decor_points
D:2:      layout_rooms
D:3:      layout_loops_ring, hangedman_decor_push
D:4:      layout_loops_ring, minmay_temple_entry_slanted, saegor_snake_ambush
D:5:      layout_basic, gammafunk_ghost_split
D:6:      minmay_bubble_buster, layout_basic, kennysheep_mini,
          nicolae_overflow_hidden_temple, makhleb_blood_cavern_becter
D:7:      cheibrodos_fzero, layout_basic, grunt_temple_overflow_gold_and_silver,
          vehumet_altar_wand_db
Temple:   regret_index_temple_sphere_string

Skill      XL: |  1  2  3  4  5  6  7  8  9 |
---------------+----------------------------+-----
Axes           | 3 5 6 7 9 10 11 | 11.1
Armour         | 3 |  3.0
Fighting       | 3 5 |  5.0
Dodging        | 3 |  3.2
Throwing       | |  1.0
Spellcasting   | |  2.0
Translocations | |  2.4

Action                   |  1- 3 |  4- 6 |  7- 9 || total
-------------------------+-------+-------+-------++-------
Melee: Hand axe          |    31 |       |       ||    31
       Kick              |    16 |    20 |    55 ||    91
       Peck              |    16 |    15 |    51 ||    82
       War axe           |    56 |    80 |   211 ||   347
       Punch             |     1 |     3 |     5 ||     9
Throw: Boomerang         |     7 |       |       ||     7
  Use: Scroll            |     7 |     5 |     5 ||    17
       Potion            |       |     4 |     3 ||     7
Armor: Leather armour    |    18 |       |       ||    18
       Ring mail         |     8 |     5 |       ||    13
       Chain mail        |       |    34 |   129 ||   163
Dodge: Dodged            |    53 |    34 |    94 ||   181

Table legend:
 A = Non-vault XP
 B = Vault XP
 C = Vault XP percentage of total XP
 D = Non-vault monster count
 E = Vault monster count
 F = Vault count percentage of total count
                 A         B        C        D         E       F
            +---------+---------+-------+---------+---------+-------
      Total |    1633 |    1038 |  38.9 |     114 |      21 |  15.6
            +---------+---------+-------+---------+---------+-------
        D:1 |      46 |       0 |   0.0 |      28 |       0 |   0.0
        D:2 |       8 |       0 |   0.0 |       3 |       0 |   0.0
        D:3 |     191 |       0 |   0.0 |      22 |       0 |   0.0
        D:4 |     185 |      15 |   7.5 |      11 |       3 |  21.4
        D:5 |     740 |       0 |   0.0 |      30 |       0 |   0.0
        D:6 |     463 |     622 |  57.3 |      20 |      13 |  39.4
        D:7 |       0 |     401 | 100.0 |       0 |       5 | 100.0
            +---------+---------+-------+---------+---------+-------
